AoeStats
← Fredl_5.8

Black Forest

510317328Analyzed
2v2 RM · 18h ago on Sep 30, 2026· 52m 7s· 4 players
Game mode
Random Map
Map size
Medium (4 player)
Population
200
Speed
Normal
Resources
Standard
Victory
Conquest
Starting age
Dark Age
Ending age
Imperial Age
RankedLock teamsTeams togetherTeam positionsShared explorationLock speedFull tech treeHidden civsTurbo modeCheats
Victory
Defeat
🇹🇼 Franks · Taiwan
815
+28
🇹🇼 Persians · Taiwan
813
+28
🇩🇪 Persians · Germany
693
-10
🇮🇹 Huns · Italy
682
-10
maverik2325
9:09 Loom
13:04 Feudal Age
15:15 Wheelbarrow
15:45 Double-Bit Axe
15:45 Horse Collar
23:44 Castle Age
24:07 Town Watch
24:28 Heavy Plow
24:22 Gold Mining
24:24 Stone Mining
24:54 Hand Cart
24:54 Bow Saw
25:50 Husbandry
26:03 Bloodlines
28:38 Forging
28:36 Scale Barding Armor
28:48 Masonry
31:42 Gold Shaft Mining
35:36 Imperial Age
33:14 Murder Holes
37:29 Two-Man Saw
37:08 Iron Casting
39:42 Elite Tarkan
40:24 Marauders
40:51 Conscription
43:59 Blast Furnace
43:22 Chain Barding Armor
47:49 Chemistry
Fredl_5.8
0:43 Loom
10:58 Feudal Age
11:23 Double-Bit Axe
21:42 Castle Age
21:10 Bloodlines
22:24 Bow Saw
22:29 Husbandry
25:37 Horse Collar
31:48 Caravan
33:03 Kamandaran
33:55 Crossbowman
39:11 Imperial Age
37:51 Thumb Ring
38:27 Gold Mining
40:29 Chemistry
41:21 Conscription
40:34 Elite War Elephant
49:44 Squires
49:22 Pikeman
50:13 Arson
六塊
11:18 Loom
13:12 Feudal Age
17:59 Castle Age
18:51 Double-Bit Axe
20:01 Bow Saw
24:41 Wheelbarrow
26:00 Hand Cart
26:00 Gold Mining
31:27 Imperial Age
29:07 Scale Barding Armor
29:13 Forging
30:23 Chain Barding Armor
30:07 Husbandry
32:37 Iron Casting
33:24 Plate Barding Armor
32:11 Cavalier
33:41 Paladin
39:38 Blast Furnace
39:31 Conscription
40:47 Gold Shaft Mining
42:43 Chivalry
Mandy
9:41 Loom
12:23 Feudal Age
17:24 Castle Age
15:31 Double-Bit Axe
23:31 Wheelbarrow
25:26 Bow Saw
25:03 Horse Collar
26:19 Heavy Plow
31:37 Imperial Age
30:11 Scale Barding Armor
30:17 Forging
31:22 Chain Barding Armor
31:37 Hand Cart
31:30 Husbandry
31:29 Cavalier
32:38 Conscription
33:07 Murder Holes
32:54 Savar
36:38 Guilds
38:27 Plate Barding Armor
38:28 Iron Casting
40:03 Iron Casting
42:55 Caravan
43:00 Town Watch
46:27 Blast Furnace
47:41 Hoardings
Connection lost

Rejoining the realm…

Still unreachable

The connection could not be restored.

Session expired

The server has moved on; the page needs a fresh start.